Map: Prion Terraces

Players

lesha - Winner!

  • Race: Terran Terran
  • League: Silver

Ezi

  • Race: Zerg Zerg

VOD

Have the link to the VOD?

Description

Time

  • Played on: Dec. 10, 2015, 10:05 a.m.
  • Length: 12:54
Show
View Real Time Build Order
Export as new Build Order

lesha Terran - Winner!

Build Orders: MMM Bio 

Get SALT Encoding   

  12  0:01  SCV  
  13  0:16  Supply Depot  
  13  0:17  SCV  
  14  0:29  SCV  
  15  0:40  Barracks  
  15  0:41  SCV  
  16  0:54  SCV  
  16  0:56  Refinery  
  17  1:06  SCV  
  18  1:18  SCV  
  19  1:30  Command Center  
  19  1:35  SCV  
  20  1:42  Marine  
  20  1:44  Supply Depot  
  21  1:50  Orbital Command  
  21  2:03  Refinery  
  21  2:05  Marine  
  22  2:21  SCV  
  22  2:23  Marine  
  23  2:33  SCV  
  23  2:35  Factory  
  24  2:40  Marine  
  25  2:45  SCV  
  26  2:54  Orbital Command  
  26  2:58  SCV, Marine  
  25  3:16  Marine  
  22  3:34  Marine  
  22  3:50  Hellion  
  22  3:52  Marine  
  25  3:58  SCV x2, Barracks  
  25  4:02  Barracks  
  27  4:09  Marine  
  27  4:10  SCV x2  
  27  4:16  Factory Tech Lab  
  30  4:31  SCV x2, Bunker  
  32  4:42  Siege Tank  
  35  4:45  Barracks Tech Lab  
  35  4:52  Barracks Tech Lab  
  35  4:53  Marine  
  36  5:02  Orbital Command  
  36  5:11  Marine  
  36  5:30  SCV x2  
  38  5:36  Marine  
  38  5:38  Marauder  
  38  5:41  Barracks Reactor  
  38  5:42  SCV x2  
  43  5:44  Stimpack  
  43  5:45  Combat Shields  
  43  5:54  Barracks  
  43  5:56  SCV x2  
  45  5:58  Barracks  
  45  6:00  Engineering Bay  
  45  6:06  Supply Depot, Marine  
  45  6:07  Supply Depot  
  45  6:08  Supply Depot  
  45  6:09  Supply Depot  
  46  6:19  Supply Depot  
  46  6:21  Refinery  
  46  6:22  Refinery  
  46  6:27  SCV x2, Marauder, Siege Tank, Engineering Bay, Marine  
  46  6:30  Terran Infantry Weapons Level 1  
  54  6:34  Marine  
  54  6:35  Marine  
  54  6:39  SCV x2  
  58  6:45  Barracks Reactor, Marauder  
  58  6:46  Barracks Reactor  
  60  6:51  SCV x2  
  62  7:03  SCV x2  
  64  7:14  Starport  
  64  7:16  SCV x2, Marauder x2  
  64  7:17  Marine x2  
  72  7:29  Marine x2  
  74  7:30  Marine x2  
  74  7:35  Terran Infantry Armor Level 1, Marine x2  
  78  7:37  Marauder x2  
  82  7:47  Marine x3  
  82  7:48  Command Center  
  86  8:01  Supply Depot x2  
  86  8:03  Supply Depot  
  86  8:04  SCV  
  86  8:11  Starport Tech Lab  
  86  8:13  Starport Reactor  
  86  8:22  Marine x6  
  86  8:23  SCV x2, Marauder x2  
  86  8:24  Supply Depot  
  98  8:27  Supply Depot x2  
  98  8:34  Armory  
  98  8:35  SCV x2  
  98  8:40  Marine  
  101  8:42  Marine  
  101  8:43  Marine x4  
  101  8:46  Marauder  
  101  8:47  SCV  
  109  8:56  Medivac  
  109  8:57  Medivac  
  109  9:01  Marine x2  
  109  9:02  Marine  
  116  9:26  Medivac x2  
  120  9:39  SCV  
  120  9:40  SCV  
  122  9:53  Orbital Command  
  122  9:54  Marine x3  
  122  9:55  Marauder, Marine  
  122  9:56  Marauder  
  115  10:10  Marine x2  
  115  10:12  Marine x3, Medivac x2  
  124  10:14  Marine  
  124  10:17  Marauder x2  
  129  10:28  Marine x2  
  130  10:30  Marine x3  
  130  10:32  Marine  
  113  10:38  Marine  
  113  10:42  Medivac x2  
  98  10:45  Marine  
  98  10:46  Marine x2  
  98  10:48  Marine x2  
  97  10:54  Marine x2  
  97  10:55  Marine  
  100  10:59  Command Center  
  100  11:03  Marine x2  
  102  11:09  Barracks  
  102  11:11  Barracks, Medivac  
  102  11:12  Barracks, Medivac  
  102  11:13  Barracks  
  102  11:14  Marauder  
  102  11:16  Marine x3  
  102  11:17  Marine x2  
  113  11:21  Marauder, Marine  
  116  11:34  Marine x5  
  116  11:35  Marauder  
  116  11:39  Marine  
  124  11:43  Marauder  
  126  11:52  Marine x5  
  131  11:57  Marine, Marauder  
  134  12:05  Marine  
  135  12:09  Marine  
  135  12:10  Marine  
  137  12:18  Marine, Marauder  
  137  12:19  Marine x3  
  137  12:21  Medivac x2  
  147  12:23  Marauder  
  147  12:25  SCV x2  
  147  12:26  SCV x2  
  147  12:27  Marine  
  147  12:28  Marine  
  146  12:37  SCV  
  146  12:38  SCV x2  
Show
View Real Time Build Order
Export as new Build Order

Ezi Zerg 

Build Orders: Pool First, Muta Ling Bane 

Get SALT Encoding   

  12  0:01  Drone  
  13  0:10  Drone  
  14  0:18  Overlord  
  14  0:28  Extractor  
  13  0:30  Drone x2, Extractor  
  16  0:37  Drone  
  17  0:45  Drone  
  18  0:52  Spawning Pool  
  18  0:55  Extractor  
  16  0:58  Drone  
  17  1:05  Drone  
  18  1:16  Drone  
  19  1:33  Hatchery  
  19  1:39  Queen  
  18  1:41  Zergling x4  
  22  1:49  Overlord  
  22  1:59  Metabolic Boost  
  22  2:11  Drone x2  
  24  2:25  Drone  
  25  2:32  Queen  
  25  2:34  Overlord  
  27  2:54  Drone x3  
  27  2:55  Drone x2  
  32  3:09  Drone x3  
  34  3:28  Drone x2  
  34  3:29  Drone x2  
  38  3:39  Drone  
  38  3:42  Lair  
  38  3:44  Extractor  
  38  3:45  Drone  
  38  3:50  Queen  
  38  3:53  Extractor  
  38  3:54  Drone  
  38  3:55  Drone, Extractor  
  40  4:04  Zergling x4  
  42  4:18  Hatchery, Zergling x6  
  42  4:20  Overlord x2  
  44  4:34  Overlord x2  
  44  4:35  Overlord  
  44  4:42  Spore Crawler  
  44  4:45  Spore Crawler  
  42  4:49  Drone x4  
  42  4:50  Drone  
  47  5:03  Spire  
  47  5:04  Zergling x8  
  47  5:05  Zergling x2  
  47  5:22  Zergling x10  
  51  5:36  Zergling x4  
  51  5:37  Zergling x6  
  51  5:41  Zergling x6  
  59  5:47  Queen  
  59  5:49  Drone x2  
  64  5:50  Drone  
  64  6:03  Drone x2, Baneling Nest  
  65  6:11  Drone  
  66  6:19  Zerg Flyer Weapons Level 1  
  66  6:23  Queen  
  68  6:26  Overlord x3  
  68  6:35  Drone  
  68  6:36  Drone x2  
  68  6:38  Spore Crawler  
  70  6:40  Zergling x8  
  70  6:41  Zergling x2  
  75  6:52  Overlord x2  
  75  6:56  Centrifical Hooks  
  75  6:58  Drone x2  
  77  7:02  Overlord x2  
  77  7:14  Mutalisk x3  
  83  7:20  Baneling x4  
  83  7:21  Baneling x4  
  83  7:24  Extractor  
  83  7:27  Extractor  
  81  7:32  Drone x6  
  81  7:33  Drone x3  
  90  7:43  Mutalisk x3  
  96  7:57  Mutalisk x3  
  96  7:58  Mutalisk x2  
  106  8:15  Mutalisk x5  
  106  8:16  Mutalisk  
  118  8:26  Mutalisk x2  
  118  8:27  Mutalisk x2  
  123  8:48  Baneling x4  
  123  8:49  Baneling x6  
  123  8:50  Baneling x4  
  123  8:51  Baneling  
  123  8:58  Infestation Pit  
  123  9:00  Drone x3  
  125  9:10  Hatchery  
  124  9:20  Zergling x6  
  124  9:21  Zergling x12  
  124  9:22  Zergling x12  
  139  9:53  Hatchery  
  139  9:54  Mutalisk x4  
  139  9:55  Mutalisk  
  122  10:06  Baneling x2  
  122  10:07  Baneling x7  
  102  10:08  Baneling x7  
  102  10:09  Baneling x6  
  102  10:10  Baneling x6  
  102  10:11  Zergling x2, Baneling  
  102  10:12  Zergling x10  
  90  10:40  Zergling x8  
  90  10:41  Zergling x12  
  90  10:42  Zergling x4  
  97  10:53  Mutalisk x6  
  109  10:57  Queen  
  111  11:05  Hive  
  111  11:09  Baneling x7  
  111  11:10  Baneling  
  111  11:22  Drone x2  
  114  11:25  Drone x2  
  114  11:26  Drone  
  114  11:28  Drone x3  
  119  11:33  Extractor  
  119  11:36  Extractor  
  117  11:40  Zergling x2  
  117  11:41  Zergling x14  
  117  11:42  Zergling x8  
  129  11:50  Queen  
  131  11:54  Drone x2  
  131  11:55  Drone  
  134  12:04  Baneling x5  
  134  12:05  Baneling  
  134  12:15  Zergling x10  
  137  12:19  Baneling x4  
  137  12:20  Baneling  
Tags
 
Add a new tag
Caveats
  • Supply blocks, unpowered buildings, or Contaminate may cause inaccurate times.
  • Supply counts are checked every 10 seconds.